[Event "*** Titled Tuesday Blitz"]
[Site "Chess.com"]
[Date "2021.04.06"]
[Round "11"]
[White "Chesswizard_2007"]
[Black "Legendinunknown"]
[Result "1-0"]
[WhiteElo "2715"]
[BlackElo "2604"]
[TimeControl "180+1"]
[EndTime "12:07:16 PDT"]
[Termination "Chesswizard_2007 won by checkmate"]

1. d4 Nf6 2. c4 g6 3. f3 e5 4. dxe5 Nh5 5. Nh3 Nc6 6. Bg5 Be7 7. Bxe7 Qxe7 8. Nc3 Nxe5 9. e4 O-O 10. Qd2 d6 11. Nf2 Be6 12. b3 Qf6 13. O-O-O Qf4 14. Qxf4 Nxf4 15.
g3 Nh5 16. f4 Ng4 17. Nxg4 Bxg4 18. Rd2 Bf3 19. Bg2 Bxg2 20. Rxg2 Nf6 21. Kd2 Rfe8 22.
Re2 Re6 23. Rhe1 Rae8 24. Nd5 Nxe4+ 25. Rxe4 Rxe4 26. Rxe4 Rxe4 27. Nf6+ Kg7 28. Nxe4 f5 29. Nc3 c6 30. Ke3 Kf6 31. h3 h6 32. Ne2 Ke6 33. Nd4+ Kf6 34. Kd3 Ke7 35. Nc2 Kf6 36. Ne3 Ke6 37.
g4 Kf6 38. gxf5 gxf5 39. Ng2 Ke6 40. Nh4 Kf6 41. Nf3 Ke6 42. h4 Kf6 43. h5 Ke6 44. a3 c5 45. Nd2 Kf6 46. Nf1 Ke6 47. Ne3 Kf6 48. Nd5+ Ke6 49. b4 Kf7 50. Kc3 Ke6 51. Kb3 Kd7 52. Ka4 a6 53. b5 Kc8 54. bxa6 bxa6 55.
Ka5 Kb7 56. Ne3 Kc6 57. Kxa6 d5 58. Nxd5 Kd6 59. Kb6 Kd7 60. Kxc5 Ke6 61. Kb4 Kf7 62. a4 Ke6 63. a5 Kd7 64. a6 Kc8 65. Kb5 Kb8 66.
Kb6 Kc8 67. Ne7+ Kd7 68. Nxf5 Ke6 69. Nxh6 Kf6 70. Ng4+ Kf7 71. Ne3 Ke6 72. f5+ Kf6 73. a7 Ke5 74. c5 Kd4 75. c6 Kxe3 76. c7 Kf4 77. f6 Kg5 78. f7 Kf4 79. h6 Kg5 80. h7 Kf4 81. h8=R Ke3 82. f8=R Ke4 83. c8=R Ke5 84. a8=R Kd4 85. Kc6 Ke5 86. Rfd8 Ke4 87.
Rhf8 Ke5 88. Kd7 Kd5 89. Ke7+ Ke5 90. Rf7 Ke4 91. Ke6 Ke3 92. Rdd7 Ke2 93. Re8 Ke1 94. Ra6 Ke2 95. Ke7 Ke3 96. Re6# 1-0

[Event "*** Titled Tuesday Blitz"]
[Site "Chess.com"]
[Date "2021.04.06"]
[Round "11"]
[White "muchojogo"]
[Black "MPGM"]
[Result "0-1"]
[WhiteElo "2460"]
[BlackElo "2567"]
[TimeControl "180+1"]
[EndTime "12:07:16 PDT"]
[Termination "MPGM won by resignation"]

1. d4 d5 2. Bf4 e6 3. e3 Bd6 4. Bg3 Ne7 5. Nd2 b6 6. c4 O-O 7. Ngf3 Nd7 8. cxd5 Nxd5 9. a3 Bb7 10. Bd3 N7f6 11.
Nc4 Ne7 12. Nxd6 cxd6 13. O-O Be4 14. Qb1 Bxd3 15. Qxd3 Qd7 16. Rac1 Rfc8 17. Bh4 Nfd5 18.
h3 Nf5 19. Bg5 Nfe7 20. e4 Nc7 21. Bxe7 Qxe7 22. d5 exd5 23. exd5 Ne8 24. Rc6 Qd7 25. Rfc1 h6 26. b4 a5 27. b5 Rab8 28. a4 Rd8 29. Nd4 Nf6 30. Rc7 Qe8 31. Re1 Qxe1+ 32. Kh2 Qe5+ 33. g3 Qxd5 34. Qc3 Ne4 35. Qe3 Nc5 36. Nc6 Re8 37. Ne7+ Rxe7 38. Qxe7 Rf8 39. Rc6 Ne4 40. Kg1 Qd4 41. Rc2 Qd1+ 42. Kg2 Qxc2 0-1

[Event "*** Titled Tuesday Blitz"]
[Site "Chess.com"]
[Date "2021.04.06"]
[Round "11"]
[White "Ajedrez_con_German"]
[Black "Kostukov_Alex"]
[Result "1/2-1/2"]
[WhiteElo "2469"]
[BlackElo "2321"]
[TimeControl "180+1"]
[EndTime "12:07:16 PDT"]
[Termination "Game drawn - insufficient material"]

1. d4 g6 2. Bf4 Bg7 3. e3 c5 4. c3 Qb6 5. Qb3 Nc6 6. Nd2 Nf6 7. Ngf3 d5 8. Be2 O-O 9. O-O c4 10. Qxb6 axb6 11. Ne5 b5 12. a3 Nd7 13. Nxd7 Bxd7 14. Bf3 e6 15. e4 dxe4 16. Nxe4 e5 17. dxe5 Nxe5 18. Bxe5 Bxe5 19. Nc5 Bc6 20. Bxc6 bxc6 21. Nd7 Rfe8 22. Nxe5 Rxe5 23. Rfe1 Rae8 24. Rxe5 Rxe5 25. Kf1 f5 26. Rd1 Rd5 27. Rxd5 cxd5 28. Ke2 Kf7 29. Ke3 Ke6 30. Kd4 Kd6 31. f4 Kc6 32. h3 Kd6 33. g3 h6 34. g4 fxg4 35. hxg4 h5 36. f5 hxg4 37. fxg6 Ke6 38. Ke3 Kf6 39. Kf4 Kxg6 40.
Kxg4 Kf6 41. Kf4 Ke6 42. Kf3 Ke5 43. Ke3 Ke6 44. Kf4 Kf6 45. Kf3 Kf5 46. Ke3 Ke5 47.
Kf3 d4 48. cxd4+ Kxd4 49. Ke2 c3 50. Kd1 cxb2 51. Kc2 Kc4 52. Kxb2 b4 53. a4 b3 54. a5 Kb5 55. Kxb3 Kxa5 1/2-1/2

[Event "*** Titled Tuesday Blitz"]
[Site "Chess.com"]
[Date "2021.04.06"]
[Round "11"]
[White "Schack-Hugo"]
[Black "if_name_main_a"]
[Result "0-1"]
[WhiteElo "2207"]
[BlackElo "2332"]
[TimeControl "180+1"]
[EndTime "12:07:16 PDT"]
[Termination "if_name_main_a won on time"]

1. e4 c5 2. Nf3 d6 3. d4 cxd4 4. Nxd4 Nf6 5. Nc3 a6 6. Bg5 Nbd7 7. f4 Qc7 8. Qf3 b5 9. g4 Bb7 10. Bxf6 Nxf6 11. g5 Nd7 12. Nd5 Qc5 13. c3 e6 14. Ne3 b4 15. Nb3 Qb6 16. c4 a5 17.
Rd1 a4 18. c5 dxc5 19. Nc4 Qc6 20. Rxd7 Qxd7 21. Ne5 Qc7 22. Bb5+ Ke7 23. Nd2 g6 24. Ndc4 Bg7 25. O-O Rhd8 26. f5 Bxe5 27. fxg6 Rf8 28.
gxf7 Bd4+ 29. Kh1 Bc6 30. Bxc6 Qxc6 31. Kg2 e5 32. Kh3 Qe6+ 33. Qf5 Rxf7 34. Qxe6+ Kxe6 0-1

[Event "*** Titled Tuesday Blitz"]
[Site "Chess.com"]
[Date "2021.04.06"]
[Round "11"]
[White "viktorgen2021"]
[Black "atwalcb"]
[Result "0-1"]
[WhiteElo "2298"]
[BlackElo "2474"]
[TimeControl "180+1"]
[EndTime "12:07:17 PDT"]
[Termination "atwalcb won by checkmate"]

1. d4 Nf6 2. Nf3 e6 3. g3 b6 4. Bg2 Bb7 5. O-O g6 6. c4 Bg7 7. Nc3 d6 8. Qc2 Nbd7 9. e4 Qe7 10. h3 O-O 11. b3 h6 12. Bb2 e5 13. d5 Nh5 14. Nh4 Nf4 15. gxf4 Qxh4 16. f5 Nf6 17. Ne2 Nh5 18. Kh2 Bc8 19. Ng3 Nf4 20. Rg1 Kh8 21.
f3 Bf6 22. Bf1 Bg5 23. Bc3 Nh5 24. Nxh5 Qxh5 25. Bd3 Bf4+ 26. Kg2 gxf5 27. exf5 Rg8+ 28. Kf2 Bd7 29. Rg4 Qxh3 30. Rag1 Rxg4 31. fxg4 Be3+ 32. Ke2 Bxg1 33. Kd1 Qxg4+ 34. Kc1 Bd4 35. Kb2 Bxc3+ 36. Kxc3 Qd4+ 37. Kb4 a5+ 38. Ka3 Rg8 39. Qh2 Qf4 40. Qh5 Qc1# 0-1

[Event "*** Titled Tuesday Blitz"]
[Site "Chess.com"]
[Date "2021.04.06"]
[Round "11"]
[White "CzechmVIII"]
[Black "Nemsko"]
[Result "1-0"]
[WhiteElo "2208"]
[BlackElo "2277"]
[TimeControl "180+1"]
[EndTime "12:07:17 PDT"]
[Termination "CzechmVIII won on time"]

1. e4 c5 2. Nf3 d6 3. d4 cxd4 4. Nxd4 Nf6 5. Nc3 Nc6 6. Bc4 e6 7. Be3 Be7 8. Qe2 O-O 9. O-O-O Bd7 10. g4 a6 11. g5 Ne8 12. Rhg1 b5 13. Bb3 Na5 14. Kb1 Rc8 15. f4 Nc4 16. f5 Kh8 17. Bxc4 Rxc4 18. Rg3 Rxc3 19. bxc3 Qa5 20. Bc1 Nc7 21.
Rh3 g6 22. f6 Bxf6 23. gxf6 e5 24. Qd2 Bxh3 25. Qh6 Rg8 26. Nc6 Qb6 27. Ne7 Qb8 28.
Qxh3 Ne6 29. Qh6 b4 30. Rd3 bxc3+ 31. Ka1 Re8 32. Rh3 1-0

[Event "*** Titled Tuesday Blitz"]
[Site "Chess.com"]
[Date "2021.04.06"]
[Round "11"]
[White "Oleksandr_Bortnyk"]
[Black "DeTimmerman"]
[Result "1-0"]
[WhiteElo "2952"]
[BlackElo "2836"]
[TimeControl "180+1"]
[EndTime "12:07:18 PDT"]
[Termination "Oleksandr_Bortnyk won on time"]

1. d4 Nf6 2. Nc3 d5 3. Bf4 e6 4. Nb5 Bd6 5. Nxd6+ cxd6 6. e3 O-O 7. Nf3 Nc6 8. Be2 Re8 9. h3 h6 10. c3 e5 11. Bh2 Bf5 12. O-O Qd7 13. Qb3 a6 14. Rfd1 b5 15. Qa3 Rab8 16. dxe5 dxe5 17. Qxa6 Ra8 18.
Qb6 Rab8 19. Qc5 Qb7 20. Qa3 Bc2 21. Rd2 Ra8 22. Qc5 Ba4 23. Rxd5 Ne4 24. Qa3 Bc2 25. Rxb5 Qc7 26. Rxe5 Nxe5 27. Bxe5 Qc6 28. Qb4 Qg6 29. a4 Ng5 30. Bg3 Ne4 31. Bf4 Ng5 32. Nxg5 hxg5 33. Bg3 f6 34. a5 Bd3 35. Bf3 Ra7 36. Qd4 Ree7 37. b4 1-0

[Event "*** Titled Tuesday Blitz"]
[Site "Chess.com"]
[Date "2021.04.06"]
[Round "11"]
[White "TimofeevAr"]
[Black "Didici"]
[Result "1-0"]
[WhiteElo "2835"]
[BlackElo "2657"]
[TimeControl "180+1"]
[EndTime "12:07:18 PDT"]
[Termination "TimofeevAr won by checkmate"]

1. c4 e6 2. Nf3 d5 3. e3 Nf6 4. b3 Be7 5. Bb2 O-O 6. Nc3 c5 7. cxd5 exd5 8. d4 Nc6 9. Be2 b6 10. O-O Bb7 11. Rc1 Rc8 12. h3 Re8 13. Re1 Bf8 14. Bf1 Qd7 15. Ne2 Ne4 16. Nf4 Rcd8 17. Qd3 a6 18. Red1 cxd4 19. Nxd4 Ne5 20. Qc2 Bc5 21.
a3 Rc8 22. Qb1 Bf8 23. Nd3 Ng6 24. Nf3 Qd6 25. Rxc8 Bxc8 26. Nb4 Bb7 27. Bxa6 Bxa6 28. Nxa6 Qd7 29. Qd3 Rd8 30. Nb4 Bxb4 31. axb4 f6 32. Qa6 Qd6 33. Bd4 Rb8 34. Qb5 Ne7 35. Rc1 Nf5 36. Qc6 Qxc6 37. Rxc6 b5 38. Bc5 Ra8 39. g4 Ra1+ 40. Kg2 Ra2 41. gxf5 Rxf2+ 42. Kg1 Rxf3 43. Rc8+ Kf7 44. Rf8# 1-0

[Event "*** Titled Tuesday Blitz"]
[Site "Chess.com"]
[Date "2021.04.06"]
[Round "11"]
[White "Abund"]
[Black "iamnotIM"]
[Result "1-0"]
[WhiteElo "2732"]
[BlackElo "2575"]
[TimeControl "180+1"]
[EndTime "12:07:19 PDT"]
[Termination "Abund won by resignation"]

1. e4 c5 2. Nf3 d6 3. Bb5+ Bd7 4. Bxd7+ Qxd7 5. c4 Nc6 6. Nc3 g6 7. d4 cxd4 8. Nxd4 Bg7 9. Be3 Nf6 10. f3 O-O 11. O-O Rfc8 12. b3 Qd8 13. Rc1 Nxd4 14. Bxd4 Nd7 15. Nd5 Nc5 16. Qd2 Bxd4+ 17. Qxd4 Ne6 18.
Qe3 Nc7 19. Nc3 Ne6 20. Nd5 Nc7 21. Rfe1 Nxd5 22. exd5 Rc7 23. Rcd1 Rd7 24. Rd4 Qb6 25. Kh1 a5 26. a4 Re8 27. Qd3 Qb4 28. Rde4 Qa3 29.
Qe3 Qb2 30. h3 Qf6 31. Rf4 Qg5 32. Qd4 Qh6 33. Rfe4 Qg7 34. Qd2 b6 35. Qg5 Kf8 36. R1e3 h6 37. Qh4 g5 38. Qg4 Rc7 39. Qf5 Qa1+ 40. Kh2 Qg7 41. Re6 Kg8 42. Rxd6 Rcc8 43. Rxe7 Rxe7 44. Qxc8+ Kh7 45. Qf5+ 1-0

[Event "*** Titled Tuesday Blitz"]
[Site "Chess.com"]
[Date "2021.04.06"]
[Round "11"]
[White "MarkoPe"]
[Black "korkmaz16"]
[Result "0-1"]
[WhiteElo "2273"]
[BlackElo "2409"]
[TimeControl "180+1"]
[EndTime "12:07:23 PDT"]
[Termination "korkmaz16 won on time"]

1. e4 c5 2. Nf3 e6 3. d4 cxd4 4. Nxd4 Nf6 5. Nc3 Nc6 6. Ndb5 Bb4 7. Bf4 Nxe4 8. Qf3 O-O 9. Qxe4 d5 10. Qf3 e5 11. Bd2 a6 12. Na3 e4 13. Qh5 d4 14.
Nxe4 Re8 15. f3 f5 16. Bc4+ Kh8 17. O-O fxe4 18. Bxb4 Nxb4 19. fxe4 Be6 20. Bxe6 Rxe6 21.
Rae1 b5 22. e5 d3 23. cxd3 Nxd3 24. Re2 Qd4+ 25. Kh1 Rxe5 26. Rxe5 Nxe5 27. Qf5 h6 28. Nc2 Qxb2 29. Ne3 Nc4 30. Nd5 Re8 31. Ne7 Ne5 0-1

[Event "*** Titled Tuesday Blitz"]
[Site "Chess.com"]
[Date "2021.04.06"]
[Round "11"]
[White "DrCeltic"]
[Black "rachidhuilda"]
[Result "1-0"]
[WhiteElo "2471"]
[BlackElo "2282"]
[TimeControl "180+1"]
[EndTime "12:07:25 PDT"]
[Termination "DrCeltic won on time"]

1. e4 d5 2. exd5 Qxd5 3. Nc3 Qa5 4. h3 c6 5. Nf3 Nf6 6. d4 Bf5 7. Be2 e6 8. O-O Nbd7 9. Bf4 Be7 10. Nh4 O-O 11.
Nxf5 Qxf5 12. Bg3 Rad8 13. Bd3 Qh5 14. Be2 Qf5 15. Bf3 Nb6 16. Be5 Nc4 17. Bg3 Nxb2 18. Qb1 Nc4 19. Qxb7 Rd7 20. Qxc6 Nd2 21. Rfd1 Nxf3+ 22. Qxf3 Qxf3 23. gxf3 Rc8 24. Ne4 Rxc2 25. a4 h5 26. a5 a6 27. Rab1 Rc4 28. Rb6 Rcxd4 29. Rxd4 Rxd4 30. Rxa6 Nd5 31. Bd6 Bxd6 32. Nxd6 Nf4 33.
Ra8+ Kh7 34. Nxf7 Rd1+ 35. Kh2 h4 36. a6 Rd2 37. a7 Rxf2+ 38. Kg1 Rxf3 39. Rh8+ Kg6 40.
Ne5+ Kf5 41. Nxf3 1-0

[Event "*** Titled Tuesday Blitz"]
[Site "Chess.com"]
[Date "2021.04.06"]
[Round "11"]
[White "beto-betun"]
[Black "KetiGrant"]
[Result "0-1"]
[WhiteElo "2235"]
[BlackElo "2360"]
[TimeControl "180+1"]
[EndTime "12:07:25 PDT"]
[Termination "KetiGrant won by resignation"]

1. d4 Nf6 2. Nf3 g6 3. g3 Bg7 4. Bg2 O-O 5. O-O d6 6. c4 Nc6 7. b3 a6 8. Bb2 Rb8 9. Nbd2 b5 10. Qc2 Bb7 11. Rfd1 e6 12. e4 Ne7 13. e5 Nh5 14. Ne4 bxc4 15. g4 Nf4 16. Nf6+ Kh8 17. bxc4 Nxg2 18.
Kxg2 Ng8 19. g5 Ne7 20. Bc3 Nf5 21. Rd3 Nh4+ 22. Kg3 Nxf3 23. Rxf3 Bxf3 24. Kxf3 dxe5 25.
dxe5 Qe7 26. a3 Rfd8 27. Qe4 Qc5 28. Qh4 Bxf6 29. gxf6 Rd3+ 30. Kg2 Rxc3 31. Re1 Rc2 32. Re4 Qf8 33. Re3 Rbb2 34. Rf3 Qa8 35. Qh6 Rxf2+ 36. Kg3 Rxf3+ 37. Kg4 Rg2+ 38. Kh4 Rxh2+ 0-1

[Event "*** Titled Tuesday Blitz"]
[Site "Chess.com"]
[Date "2021.04.06"]
[Round "11"]
[White "Andrakhanova"]
[Black "IANOV0007"]
[Result "0-1"]
[WhiteElo "2269"]
[BlackElo "2469"]
[TimeControl "180+1"]
[EndTime "12:07:26 PDT"]
[Termination "IANOV0007 won on time"]

1. c4 d6 2. g3 g6 3. Bg2 Bg7 4. Nf3 Nf6 5. O-O O-O 6. Nc3 c6 7. d4 Bf5 8. h3 Ne4 9. Kh2 Nxc3 10. bxc3 Be4 11. Bf4 Nd7 12. Qd2 Nb6 13. c5 dxc5 14.
dxc5 Na4 15. Qe3 Nxc3 16. Be5 Bxe5 17. Nxe5 Bxg2 18. Kxg2 Nd5 19. Qb3 Qc7 20. Nd3 Rfd8 21. Rab1 Rd7 22. Rfe1 Rad8 23. e4 Nf6 24. Nf4 e5 25. Ne2 Nxe4 26. Nc3 Nd2 27. Qa4 Nxb1 28. Rxb1 a6 29. Ne4 Rd4 30. Qc2 f5 31. Qb3+ Kh8 32. Ng5 Rd3 33. Qe6 R3d5 34. Qf6+ Kg8 35. Ne6 Qd7 36.
Ng5 Rf8 37. Rxb7 Qxb7 38. Qe6+ Kg7 39. h4 Qd7 0-1

[Event "*** Titled Tuesday Blitz"]
[Site "Chess.com"]
[Date "2021.04.06"]
[Round "11"]
[White "Dyadya81"]
[Black "Nuvas"]
[Result "1-0"]
[WhiteElo "2729"]
[BlackElo "2604"]
[TimeControl "180+1"]
[EndTime "12:07:27 PDT"]
[Termination "Dyadya81 won by resignation"]

1. e4 c5 2. Nc3 Nc6 3. Bb5 Nd4 4. Bc4 e6 5. Nge2 a6 6. a4 Nf6 7.
O-O d5 8. exd5 exd5 9. Ba2 Nxe2+ 10. Qxe2+ Be7 11. d3 O-O 12. Bg5 Be6 13. Qf3 h6 14. Bf4 d4 15. Ne4 Bxa2 16. Rxa2 Nd5 17. Qg3 Kh8 18.
Bd6 f5 19. Bxe7 Qxe7 20. Qd6 Qxd6 21. Nxd6 Nb4 22. Raa1 Nxc2 23. Rac1 Nb4 24. Rxc5 Nxd3 25. Rd5 Nf4 26. Re5 d3 27. Rd1 Rad8 28. Nxb7 Rde8 29. Rxe8 Rxe8 30. g3 Rb8 31. Nc5 Ne2+ 32. Kf1 Rxb2 33. Rxd3 Nc1 34. Rd8+ Kh7 35. Nxa6 Ra2 36. Nc5 Ra1 37.
Rd1 Kg6 38. Kg2 Kf6 39. a5 g5 40. Nb3 Ra3 41. Nxc1 Rxa5 42. Rd6+ Ke5 43. Rxh6 1-0

[Event "*** Titled Tuesday Blitz"]
[Site "Chess.com"]
[Date "2021.04.06"]
[Round "11"]
[White "Ave_Mariia"]
[Black "ARMQUEEN"]
[Result "0-1"]
[WhiteElo "2458"]
[BlackElo "2327"]
[TimeControl "180+1"]
[EndTime "12:07:27 PDT"]
[Termination "ARMQUEEN won by resignation"]

1. d4 Nf6 2. c4 c5 3. d5 e6 4. Nc3 exd5 5. cxd5 d6 6. g3 g6 7. Bg2 Bg7 8. Nf3 O-O 9. O-O a6 10. a4 Re8 11. Bf4 Nh5 12. Bg5 f6 13. Be3 f5 14.
Qc1 Nd7 15. Bg5 Nhf6 16. Bf4 Qe7 17. Nd2 Nh5 18. Be3 Qf7 19. Nc4 Qf8 20. a5 Nhf6 21.
Bf4 Ne5 22. Bxe5 dxe5 23. d6 Be6 24. Nb6 Rab8 25. Rd1 Red8 26. Nca4 Rxd6 27. Rxd6 Qxd6 28. Qxc5 Qd2 29. Qxe5 Re8 30. Qc7 Qxe2 31. Nc5 Bf7 32. Qxb7 Ng4 33. Rf1 Bd4 34. Ncd7 Bxf2+ 35. Kh1 Bd4 36.
h3 Ne3 37. Rc1 Qxb2 38. Rg1 Nxg2 39. Rxg2 Re1+ 40. Kh2 Bg1+ 41. Kh1 Bxb6+ 42. Kh2 Bg1+ 43. Kh1 Qxb7 0-1

[Event "*** Titled Tuesday Blitz"]
[Site "Chess.com"]
[Date "2021.04.06"]
[Round "11"]
[White "bylavochka"]
[Black "ri4mi"]
[Result "0-1"]
[WhiteElo "2227"]
[BlackElo "2350"]
[TimeControl "180+1"]
[EndTime "12:07:28 PDT"]
[Termination "ri4mi won on time"]

1. e4 Nf6 2. e5 Nd5 3. c4 Nb6 4.
a4 a5 5. Ra3 d6 6. exd6 exd6 7.
d4 Nc6 8. Rg3 Bf5 9. Nc3 Nb4 10.
Bg5 Be7 11. Bxe7 Qxe7+ 12. Be2 O-O 13. Kf1 Rfe8 14. h4 Bc2 15. Qd2 d5 16. c5 Nc4 17.
Qh6 Bg6 18. Qc1 Qf6 19. Nxd5 Nxd5 20. Bxc4 Qxd4 21. h5 Be4 22. Ne2 Qxc5 23. Qg5 g6 24. hxg6 fxg6 25. Rgh3 Qxc4 26. Rxh7 Bd3 27. Rh8+ Kf7 28.
R1h7+ Ke6 29. Qg4+ Kd6 30. Qxc4 Bxc4 31. Rxe8 Rxe8 0-1

[Event "*** Titled Tuesday Blitz"]
[Site "Chess.com"]
[Date "2021.04.06"]
[Round "11"]
[White "QuintilianoR"]
[Black "IMAghasiyevKamal"]
[Result "1-0"]
[WhiteElo "2711"]
[BlackElo "2545"]
[TimeControl "180+1"]
[EndTime "12:07:29 PDT"]
[Termination "QuintilianoR won by resignation"]

1. Nf3 d5 2. e3 Nf6 3. c4 e6 4. b3 Be7 5. Bb2 O-O 6. Nc3 b6 7.
d4 Bb7 8. cxd5 exd5 9. Bd3 c5 10. O-O Nc6 11. Rc1 Rc8 12. Bf5 Rb8 13. dxc5 bxc5 14. Na4 Ba6 15. Re1 c4 16. Nd4 Nxd4 17. Bxd4 Bb4 18. Nc3 Rb7 19. Qf3 Ne4 20. Nxe4 dxe4 21.
Bxe4 Rc7 22. Red1 Qe7 23. bxc4 Bxc4 24. Qf5 g6 25. Qe5 f6 26. Qxe7 Bxe7 27. Rxc4 Rd7 28.
g4 Kg7 29. Ra4 Rfd8 30. g5 h6 31. h4 hxg5 32. hxg5 Kf7 33. gxf6 Bxf6 34. Bf3 Be7 35. Rxa7 Rxa7 36. Bxa7 Rc8 37. Bd4 Rc2 38. Bd5+ Ke8 39. Bb3 Rc7 40. Be5 Ra7 41. Bd6 Bf6 42. Kg2 Ra5 43. Bg3 Ra7 44. Rd5 Ke7 45. Rb5 Rd7 46.
Bd5 Kf8 47. e4 Bd4 48. e5 Ra7 49. e6 Ke7 50. Rb7+ Rxb7 51. Bxb7 Kxe6 52. Be4 Kd7 53. Bc2 Kc6 54. Bb3 Kb5 55. Kf3 Kb4 56. Kg4 Bf6 57. f4 1-0

[Event "*** Titled Tuesday Blitz"]
[Site "Chess.com"]
[Date "2021.04.06"]
[Round "11"]
[White "Borsuk_Konstantin"]
[Black "maximnovik"]
[Result "1-0"]
[WhiteElo "2676"]
[BlackElo "2561"]
[TimeControl "180+1"]
[EndTime "12:07:30 PDT"]
[Termination "Borsuk_Konstantin won by resignation"]

1. d4 Nf6 2. c4 g6 3. Nc3 d5 4. Nf3 Bg7 5. Bg5 Ne4 6. cxd5 Nxg5 7. Nxg5 e6 8. Nf3 exd5 9. b4 O-O 10. Qb3 c6 11. e3 Be6 12. a4 Nd7 13. Bd3 f5 14.
Ne2 g5 15. h4 h6 16. hxg5 hxg5 17. Kd2 Qe7 18. Rh5 Nf6 19. Rhh1 Ne4+ 20. Ke1 a5 21. b5 c5 22. Qa3 Rae8 23. Rc1 c4 24. Qxe7 Rxe7 25. Bxe4 fxe4 26. Nd2 Ref7 27. Rf1 g4 28. g3 Rc7 29. Nf4 Bf7 30. Nb1 Rd8 31. Nc3 Bf8 32. Kd2 Bb4 33. Rh1 Kg7 34. Rh4 Rh8 35.
Rxh8 Kxh8 36. Rh1+ Kg7 37. Rh4 Rc8 38. Rxg4+ Kf6 39.
Rh4 Rg8 40. Kc2 Rg5 41. Rh6+ Kg7 42. Rb6 Rf5 43. Rxb7 Kh6 44. Rd7 Kg5 45. Ncxd5 Kg4 46. b6 Bxd5 47. Rxd5 Rf7 48. Rb5 Rc7 49. bxc7 1-0

[Event "*** Titled Tuesday Blitz"]
[Site "Chess.com"]
[Date "2021.04.06"]
[Round "11"]
[White "VD_coach"]
[Black "Sueetin"]
[Result "1-0"]
[WhiteElo "2514"]
[BlackElo "2391"]
[TimeControl "180+1"]
[EndTime "12:07:32 PDT"]
[Termination "VD_coach won by checkmate"]

1. Nf3 Nf6 2. d4 d5 3. c4 e6 4. Nc3 a6 5. Bg5 dxc4 6. e4 b5 7. e5 h6 8. Bh4 g5 9. Nxg5 hxg5 10.
Bxg5 Nbd7 11. exf6 Bb7 12. d5 Nc5 13. dxe6 Nxe6 14. Qxd8+ Rxd8 15. Be3 Bd6 16. h4 Be5 17. Rd1 Rxd1+ 18. Nxd1 Bxf6 19. h5 Be4 20. f3 Bc2 21.
Bc1 Kf8 22. Ne3 Bb1 23. a3 c3 24. bxc3 Bxc3+ 25. Bd2 Bb2 26. Nd5 c5 27. g4 Nd4 28.
Kf2 Ba2 29. Nc3 Be6 30. a4 b4 31. Ne4 Nb3 32. Nxc5 Nxd2 33. Nd3 Bd4+ 34. Kg3 b3 35.
Be2 Kg7 36. Rd1 Nc4 37. Nf4 Bf6 38. Nxe6+ fxe6 39. Bxc4 b2 40. Rd7+ Kh6 41. Rb7 Rc8 42. Bd3 Rc1 43. Rh7+ Kg5 44. f4# 1-0

[Event "*** Titled Tuesday Blitz"]
[Site "Chess.com"]
[Date "2021.04.06"]
[Round "11"]
[White "Flopezin"]
[Black "secretsuperstar7"]
[Result "1-0"]
[WhiteElo "2343"]
[BlackElo "2206"]
[TimeControl "180+1"]
[EndTime "12:07:33 PDT"]
[Termination "Flopezin won on time"]

1. c4 e6 2. d4 Nf6 3. Nf3 d5 4. g3 dxc4 5. Qa4+ Nbd7 6. Qxc4 a6 7. Bg2 b5 8. Qc2 Bb7 9. O-O Rc8 10. Rd1 c5 11. dxc5 Bxc5 12. Qb3 Qb6 13. e3 O-O 14. Nc3 Rfd8 15. Bd2 Ne4 16. Nxe4 Bxe4 17. Rac1 Qb7 18. Nh4 Bxg2 19. Nxg2 Ne5 20. Ne1 Nc4 21. Bb4 Bb6 22.
a4 Qe4 23. Rxd8+ Rxd8 24. axb5 axb5 25. Qc2 Qd5 26. b3 Nxe3 27. fxe3 Bxe3+ 28. Kf1 Qh1+ 29. Ke2 Bxc1 30. Qxc1 Qxh2+ 31. Kf1 Qh1+ 32. Kf2 Qe4 33. Bc3 h6 34. Qe3 Qf5+ 35. Ke2 Qb1 36. Qe5 Qg6 37. b4 Rd5 38. Qb8+ Kh7 39. Qf4 Rf5 40.
Qe3 Qg4+ 41. Kd2 Rd5+ 42. Kc2 Qf5+ 43. Nd3 Qg6 44. Kd2 e5 45. Ke2 e4 46. Nf4 Qg4+ 47.
Kf2 Rg5 48. Ne2 1-0

[Event "*** Titled Tuesday Blitz"]
[Site "Chess.com"]
[Date "2021.04.06"]
[Round "11"]
[White "ViditYT"]
[Black "olksuna"]
[Result "1-0"]
[WhiteElo "2918"]
[BlackElo "2676"]
[TimeControl "180+1"]
[EndTime "12:07:34 PDT"]
[Termination "ViditYT won by resignation"]

1. Nf3 Nf6 2. g3 g6 3. Bg2 Bg7 4. O-O O-O 5. d4 d5 6. c3 b6 7. a4 a5 8. Bf4 Bb7 9. Na3 e6 10. Qb3 Qe7 11. Nb5 Rc8 12. Ne5 Nfd7 13. Nxd7 Qxd7 14.
Rac1 Na6 15. Rfd1 Bf8 16. Qc2 c6 17. Na3 c5 18. Nb5 cxd4 19. Rxd4 Bc5 20. Rd2 Qe7 21. e4 d4 22. e5 Bxg2 23. Kxg2 dxc3 24. bxc3 g5 25. Be3 Bxe3 26. fxe3 Rc5 27. Qe4 Rd8 28. Nd6 f5 29. exf6 Qxf6 30. Rf2 Qe5 31. Qxe5 Rxe5 32.
Nf7 Rdd5 33. c4 Rc5 34. Nxe5 Rxe5 35. Rb1 Rxe3 36. Rxb6 Nc5 37. Rb5 Ne4 38. Re5 g4 39. c5 1-0

[Event "*** Titled Tuesday Blitz"]
[Site "Chess.com"]
[Date "2021.04.06"]
[Round "11"]
[White "anon481216"]
[Black "Kostya_Nikologorskiy"]
[Result "0-1"]
[WhiteElo "2527"]
[BlackElo "2693"]
[TimeControl "180+1"]
[EndTime "12:07:34 PDT"]
[Termination "Kostya_Nikologorskiy won on time"]

1. d4 d5 2. c4 dxc4 3. e4 e5 4. Nf3 Bg4 5. Bxc4 Nc6 6. d5 Nd4 7. Be3 Nxf3+ 8. gxf3 Bd7 9. f4 Bd6 10. fxe5 Bxe5 11. Nc3 Qf6 12. Qd2 Bg4 13. Bb5+ c6 14. dxc6 bxc6 15. Be2 Rd8 16. Qc2 Bf3 17. Bxf3 Qxf3 18.
Rg1 Ne7 19. Qe2 Qf6 20. Rc1 O-O 21. Bxa7 Bxh2 22. Rh1 Bf4 23. Be3 Ng6 24. Kf1 h6 25.
a4 Ne5 26. Ra1 Bxe3 27. Qxe3 Rd3 28. Qe2 Rfd8 29. Rd1 Rxd1+ 30. Nxd1 Qf4 31. Rh3 Rd2 32. Qe1 Rc2 33. Re3 Ng4 34. Re2 Nh2+ 35. Kg2 Qg4+ 36. Kxh2 Rxe2 37. Qg1 Qh4+ 38. Kg2 Qxe4+ 39. Kh3 Qd3+ 40. Ne3 Rxb2 41. Qg3 Qd7+ 0-1

[Event "*** Titled Tuesday Blitz"]
[Site "Chess.com"]
[Date "2021.04.06"]
[Round "11"]
[White "TST2014"]
[Black "bratkoo"]
[Result "0-1"]
[WhiteElo "2655"]
[BlackElo "2575"]
[TimeControl "180+1"]
[EndTime "12:07:34 PDT"]
[Termination "bratkoo won on time"]

1. d4 e6 2. c4 d5 3. Nf3 Nf6 4. Nc3 Be7 5. Bf4 O-O 6. e3 h6 7. h3 c5 8. dxc5 Bxc5 9. Qc2 Nc6 10.
Rd1 Qe7 11. a3 e5 12. Bg3 d4 13. Nd5 Nxd5 14. cxd5 e4 15. Nxd4 Nxd4 16. exd4 Bd6 17. Bxd6 Qxd6 18. Qxe4 Bxh3 19. Be2 Rae8 20. Qf3 Bd7 21.
O-O Re7 22. Bc4 Rc8 23. Bb3 Rce8 24. Qc3 Bb5 25. Rfe1 h5 26. Rxe7 Rxe7 27. Qc5 Qd7 28. d6 Re2 29. Qxh5 Rxb2 30. Bd5 Be2 31. Bxf7+ Qxf7 32.
Qxf7+ Kxf7 33. Rc1 Ke6 34. Rc7 Kxd6 35. Rxg7 a5 36. f4 b5 37. f5 Bc4 38. g4 b4 39.
axb4 axb4 40. g5 Rb1+ 41. Kf2 Rf1+ 42. Ke3 Rxf5 43. Ke4 Rb5 44. Rg6+ Ke7 45. Rg7+ Kf8 46. Rc7 b3 47. Rxc4 b2 48. Rc8+ Ke7 49. Rc7+ Kd6 50. Rf7 b1=Q+ 51. Ke3 Rb3+ 52. Kf4 Qf1+ 0-1

[Event "*** Titled Tuesday Blitz"]
[Site "Chess.com"]
[Date "2021.04.06"]
[Round "11"]
[White "CrushingKings"]
[Black "MartinHollan"]
[Result "0-1"]
[WhiteElo "2474"]
[BlackElo "2580"]
[TimeControl "180+1"]
[EndTime "12:07:34 PDT"]
[Termination "MartinHollan won on time"]

1. e4 c5 2. Nf3 Nc6 3. d4 cxd4 4. Nxd4 g6 5. Be3 Bg7 6. Nc3 Nf6 7. Bc4 O-O 8. Bb3 Re8 9. O-O d6 10. h3 Na5 11. f4 b6 12. Qd3 Bb7 13. Rfe1 e5 14.
fxe5 dxe5 15. Ndb5 Nxb3 16. axb3 Qxd3 17. cxd3 Red8 18.
Red1 a6 19. Nc7 Rac8 20. Nxa6 Bf8 21. b4 Bxa6 22. Rxa6 Bxb4 23. Rxb6 Bxc3 24. bxc3 Nxe4 25.
Bh6 Nxc3 26. Rf1 Rd7 27. Re1 Nd5 28. Rb2 f6 29. h4 Kf7 30. Rf2 Re8 31. Ref1 f5 32.
Re1 Nb4 33. Rb1 Nxd3 34. Ra2 f4 35. Rb6 Re6 36. Rb8 Rc6 37. Rf8+ Ke6 38. Raa8 Kd5 39. Rae8 Ke4 40. Kh2 Rc2 41. Kh3 Nf2+ 42. Kh2 Ng4+ 43.
Kh3 Nxh6 44. Rh8 Nf7 45. Rxh7 Rd3+ 46. Kh2 Nd6 47. Re6 Nf5 48. Rxg6 Rg3 0-1